 Dungeon Crawl Stone Soup version 0.27-a0-29-g2d0a2396b0 (webtiles) character file.

Game seed: 11279745465716397986

85 sanka the Sneak (level 4, -3/24 HPs)
             Began as a Vampire Enchanter on Jan 3, 2021.
             Slain by a sky beast (5 damage)
             ... on level 2 of the Dungeon.
             The game lasted 00:03:17 (1774 turns).

sanka the Sneak (Vampire Enchanter)                 Turns: 1774, Time: 00:03:17

Health: -3/24      AC:  4    Str:  7    XL:     4   Next: 25%
Magic:  0/7        EV: 13    Int: 17    God:
Gold:   84         SH:  0    Dex: 15    Spells: 1/7 levels left

rFire    x . .     SeeInvis +   a - +1 dagger
rCold    + + +     Faith    .   (no shield)
rNeg     + + +     Spirit   .   b - +0 robe
rPois    ∞         Reflect  .   (no helmet)
rElec    .         Harm     .   i - +0 cloak (curse)
rCorr    .         Rampage  .   k - +0 pair of gloves (curse)
Will     .....                  (no boots)
Stlth    ++++++....             (no amulet)
HPRegen  0.00/turn              (no ring)
MPRegen  0.10/turn              m - ring of ice

@: bloodless
A: fangs 3, see invisible, unbreathing
a: Bat Form, Revivify


You were on level 2 of the Dungeon.
You visited 1 branch of the dungeon, and saw 2 of its levels.

You collected 84 gold pieces.


Innate Abilities, Weirdness & Mutations

You do not regenerate when monsters are visible.
You are frail without blood (-20% HP).
You can heal yourself when you bite living creatures.
You are immune to poison.
You have razor-sharp teeth.
You have supernaturally acute eyesight. (SInv)
You can survive without breathing.


   Skills:
 - Level 1.1 Short Blades
 - Level 2.1 Dodging
 + Level 7.9 Stealth
 - Level 2.0 Spellcasting
 - Level 4.4 Hexes


You had one spell level left.
You knew the following spells:

 Your Spells              Type           Power        Failure   Level
z - Ensorcelled Hibernat  Hex/Ice        26%          12%         2
X - Confusing Touch       Hex            16%          10%         3
Z - Corona                Hex            17%          3%          1

Your spell library contained the following spells:

 Spells                   Type           Power        Failure   Level
 Tukima's Dance           Hex            16%          10%         3
 Dazzling Flash           Conj/Hex       18%          24%         3

Inventory:

Hand Weapons
 a - a +1 dagger (weapon)
Armour
 b - a +0 robe (worn)
 i - a cursed +0 cloak (worn)
 k - a cursed +0 pair of gloves (worn)
Jewellery
 m - a ring of ice (right hand)
Scrolls
 d - a scroll of amnesia {unknown}
 f - a scroll of fog {unknown}
 g - 2 scrolls of teleportation {unknown}
 h - 2 scrolls of remove curse {unknown}
 n - a scroll of enchant weapon {unknown}
Potions
 c - a potion of magic {unknown}
 e - 3 potions of might {unknown}
 j - a potion of curing {unknown}
 l - a potion of mutation {unknown}

Dungeon Overview and Level Annotations

Branches:
Dungeon (2/15)

Altars:

▒.▒ ▒▒▒.▒.▒..▒▒.
▒.▒ ▒.▒.▒..▒▒. ▒.▒
▒.▒.▒..▒▒. ▒.▒
▒.▒.▒..▒▒. ▒.▒
▒.▒.▒..... ▒.▒
▒.▒.▒.▒▒▒. ▒.▒
▒.▒.▒.▒ ▒. ▒.▒▒.
..▒.▒ ▒▒ ▒V▒▒.▒
▒▒▒ ▒Y▒▒.▒ ▒.▒▒.▒
♣♣♣♣♣♣ ▒.▒▒.▒
♣♣♣....♣
▒.▒▒.▒♣♣♣♣♣..♣♣♣..
▒.▒▒.......♣♣♣ ♣♣♣
▒.▒▒......♣♣
▒▒<▒▒.▒♣♣♣♣♣
▒▒...▒.▒


You could see a sky beast (invisible).


Message History

You don't have enough magic to cast that spell.
The sky beast hits you.
* * * LOW HITPOINT WARNING * * *
The sky beast shocks you.
* * * LOW HITPOINT WARNING * * *
Things that are here:
a +0 club; a hobgoblin skeleton
Aiming: Ensorcelled Hibernation (safe; 12% risk of failure)
Aim: a sky beast (chance to affect: 44%)
Okay, then.
Aiming: Ensorcelled Hibernation (safe; 12% risk of failure)
Aim: a sky beast (chance to affect: 44%)
The sky beast resists with some effort.
The sky beast hits you but does no damage.
The sky beast flickers out of sight for a moment.
Aiming: Ensorcelled Hibernation (safe; 12% risk of failure)
Aim: a sky beast (chance to affect: 44%)
The sky beast resists with some effort.
There is a stone staircase leading up here.
The sky beast flickers out of sight for a moment.
Aiming: Ensorcelled Hibernation (safe; 12% risk of failure)
Aim: a sky beast (slightly transparent, chance to affect: 44%)
The sky beast looks drowsy...
The helpless sky beast fails to defend itself.
You impale the sky beast!!
The sky beast is almost dead.
The sky beast hits you.
* * * LOW HITPOINT WARNING * * *
The sky beast shocks you.
You die...

Action                   |  1- 3 |  4- 6 || total
-------------------------+-------+-------++-------
Melee: Dagger            |   117 |     6 ||   123
       Bite              |     6 |       ||     6
 Cast: Corona            |     2 |       ||     2
       Ensorcelled Hiber |     8 |     6 ||    14
 Abil: Exsanguinate      |     1 |       ||     1
 Stab: Sleeping          |    24 |     1 ||    25
Armor: Robe              |    26 |     2 ||    28
Dodge: Dodged            |    68 |     4 ||    72

Levels and vault maps discovered:
D:1:      dpeg_arrival_three_smaller_balls, layout_rooms,
          serial_co_window_serial, co_window_of_opportunity_a,
          co_window_paths_b, co_window_of_opportunity_a, co_window_corner_a,
          co_window_of_opportunity_a, co_window_corner_cb,
          co_window_of_opportunity_b, co_window_broadway_c,
          co_window_broadway_b, co_window_paths_c,
          chequers_serial_rivers_micro_b, minmay_tromino_i4
D:2:      kb_forest_paths, layout_loops_ring, elyvilon_altar_1

Notes
Turn   | Place    | Note
-------+----------+-------------------------------------------
     0 | D:1      | sanka the Vampire Enchanter began the quest for the Orb.
     0 | D:1      | Reached XP level 1. HP: 13/13 MP: 3/3
    79 | D:1      | Reached skill level 5 in Stealth
   120 | D:1      | Reached XP level 2. HP: 11/15 MP: 1/5
   187 | D:1      | Learned a level 2 spell: Ensorcelled Hibernation
   430 | D:1      | Reached skill level 6 in Stealth
   783 | D:1      | Reached XP level 3. HP: 19/19 MP: 6/6
   963 | D:2      | Learned a level 3 spell: Confusing Touch
  1411 | D:2      | Reached skill level 7 in Stealth
  1541 | D:2      | Noticed a sky beast
  1577 | D:2      | Reached XP level 4. HP: 15/24 MP: 2/7
  1774 | D:2      | HP: 2/24 [sky beast (4)]
  1774 | D:2      | Slain by a sky beast

Vanquished Creatures
  A worker ant (D:2)
  An adder (D:2)
  A worm (D:2)
  A dart slug (D:1)
  7 bats
  4 giant cockroaches
  3 goblins
  7 hobgoblins
  10 kobolds
  5 frilled lizards
  10 rats
50 creatures vanquished.
